 Dungeon Crawl Stone Soup version 0.29-a0-474-gdfe5cd140f (webtiles) character file.

Game seed: 18305840643185585076

134 Infinimo the Cudgeller (level 4, 0/34 HPs)
             Began as a Demonspawn Gladiator on May 24, 2022.
             Splashed by a jelly's acid (9 damage)
             ... in a sewer.
             The game lasted 00:04:01 (3361 turns).

Infinimo the Cudgeller (Demonspawn Gladiator)       Turns: 3361, Time: 00:04:02

Health: 0/34       AC: -4    Str: 14    XL:     4   Next: 95%
Magic:  6/6        EV: 12    Int: 11    God:
Gold:   108        SH:  0    Dex: 15    Spells: 6/6 levels left

rFire   . . .      SeeInvis .   a - +0 flail
rCold   . . .      Faith    .   (no shield)
rNeg    . . .      Spirit   .   b - +0 leather armour
rPois   .          Reflect  .   c - +0 helmet
rElec   .          Harm     .   (no cloak)
rCorr   .          Rampage  .   (no gloves)
Will    .....                   (no boots)
Stlth   +.........              (no amulet)
HPRegen 0.11/turn               (no ring)
MPRegen 0.10/turn               (no ring)

@: corroded
A: demonic guardian 1
a: no special abilities


You were in a sewer.
You visited 1 branch of the dungeon, and saw 3 of its levels.
You also visited: Sewer.

You collected 108 gold pieces.

Inventory:

Hand Weapons
 a - a +0 flail (weapon)
Missiles
 d - 3 throwing nets (quivered)
 e - a javelin
Armour
 b - a +0 leather armour (worn)
 c - a +0 helmet (worn)
Jewellery
 g - an amulet of faith
 o - a ring of ice
Scrolls
 f - a scroll of amnesia {unknown}
 h - 2 scrolls of blinking {unknown}
 j - 2 scrolls of teleportation {unknown}
 k - 2 scrolls of vulnerability {unknown}
 l - 2 scrolls of identify {unknown}
 q - a scroll of brand weapon {unknown}
Potions
 i - 2 potions of haste {unknown}
 m - a potion of cancellation {unknown}
 p - 2 potions of invisibility


   Skills:
 + Level 2.8 Fighting
 * Level 3.9 Maces & Flails
 - Level 1.7 Throwing
 + Level 3.3 Dodging
 + Level 1.5 Spellcasting


You had 6 spell levels left.
You didn't know any spells.
Your spell library contained the following spells:

 Spells                   Type           Power      Damage    Failure   Level
 Apportation              Tloc           0%         N/A       36%         1
 Necrotize                Necr           0%         1d4       36%         1
 Summon Small Mammal      Summ           0%         N/A       36%         1


Dungeon Overview and Level Annotations

Branches:
Dungeon (3/15)              Sewer (1/1)

Altars:


Innate Abilities, Weirdness & Mutations

A weak demonic guardian rushes to your aid.


Message History

Moving in this stuff is going to be slow.
You enter the shallow water.
Moving in this stuff is going to be slow.
p - 2 potions of invisibility (gained 1)
i - a black potion
Found a viscous altar of Jiyva.
You enter the shallow water.
Moving in this stuff is going to be slow.
You enter the shallow water.
Moving in this stuff is going to be slow.
You enter the shallow water.
Moving in this stuff is going to be slow.
m - a ruby potion
i - 2 black potions (gained 1)
You enter the shallow water.
Moving in this stuff is going to be slow.
You enter the shallow water.
Moving in this stuff is going to be slow.
You enter the shallow water.
Moving in this stuff is going to be slow.
You enter the shallow water.
Moving in this stuff is going to be slow.
A jelly comes into view.
The jelly quivers.
A jelly is nearby!
The jelly hits you. The acid corrodes you!
You are splashed with acid.
Your hands burn!
The jelly is lightly wounded.
The jelly hits you.
You are splashed with acid!
You are too injured to fight recklessly!
You are too injured to fight recklessly!
You are too injured to fight recklessly!
You are too injured to fight recklessly!
The acid corrodes you!
Your hands burn!
* * * LOW HITPOINT WARNING * * *
The jelly is lightly wounded.
The jelly hits you.
* * * LOW HITPOINT WARNING * * *
You are splashed with acid!
You die...

#≈≈## ##..≈# ### ##..#### ##..#
≈≈# ##.≈≈.≈.## #.≈.
.≈############ #...≈≈.≈∩###≈.≈
≈......†.....# #≈≈≈###...###.≈
≈....≈†≈≈.≈..# ####≈.##.##..##...
.≈#########..###≈.≈.≈#..≈#≈≈##≈≈≈
≈≈# #≈≈##.≈≈≈≈.##.≈.≈≈##≈≈# ###
#.≈##≈@##.≈≈##≈≈.##≈.≈#
###########≈.##≈J.##...#.≈≈≈≈.≈##
#.≈...≈......###≈.!##≈≈.≈≈≈÷≈.##
#.≈.≈.≈≈.....# ##.!##≈.≈≈...###
#.≈########### ####.≈≈≈≈÷### #.≈#
##.≈≈.≈.≈≈## #.≈# #.≈≈≈###≈..#
#..## ##≈..## ##...# #.≈.###
###≈.≈## #..#


You could see a jelly.

Vanquished Creatures
  3 adders
  3 worms
  2 dart slugs (D:2)
  7 ball pythons
  5 bats
  10 endoplasms
  6 giant cockroaches
  2 goblins (D:2)
  4 hobgoblins
  2 jackals (D:2)
  5 quokkas
  3 frilled lizards
  3 kobolds
  5 rats
60 creatures vanquished.

Vanquished Creatures (collateral kills)
  Terence (D:2)
  A giant cockroach (Sewer)
2 creatures vanquished.

Grand Total: 62 creatures vanquished

Notes
Turn   | Place    | Note
-------+----------+-------------------------------------------
     0 | D:1      | Infinimo the Demonspawn Gladiator began the quest for the
                  | Orb.
     0 | D:1      | Reached XP level 1. HP: 16/16 MP: 1/1
   122 | D:1      | Gained mutation: A weak demonic guardian rushes to your
                  | aid. [demonic ancestry]
   122 | D:1      | Reached XP level 2. HP: 22/22 MP: 2/2
  1164 | D:2      | Reached XP level 3. HP: 25/28 MP: 4/4
  1411 | D:2      | Reached skill level 1 in Spellcasting
  2055 | D:3      | Found a glowing drain.
  2059 | D:3      | Noticed Terence
  2093 | D:2      | Killed Terence
  2094 | D:2      | Reached XP level 4. HP: 21/34 MP: 5/5
  2527 | Sewer    | Entered a sewer
  3330 | Sewer    | Found a viscous altar of Jiyva.
  3361 | Sewer    | Splashed by a jelly's acid

Illustrated notes

Levels and vault maps discovered:
D:1:      minmay_arrival_diagonal_passages, layout_basic
D:2:      layout_loops_ring, dk_noncrumbling_3
D:3:      layout_rooms, gammafunk_temple_overflow_wave,
          cheibrodos_sewer_entry_sluice, uniq_terence, uniq_crazy_yiuf_cottage
Sewer:    sewer_hellmonk_slimy_pipes

Skill      XL: |  1  2  3 |
---------------+----------+-----
Maces & Flails | 3 |  3.9
Dodging        | 3 |  3.3
Spellcasting   | 1 |  1.5
Fighting       | |  2.8
Throwing       | |  1.7

Action                   |  1- 3 |  4- 6 || total
-------------------------+-------+-------++-------
Melee: Flail             |   122 |    89 ||   211
       Punch             |     1 |     1 ||     2
  Use: Potion            |     1 |     4 ||     5
 Stab: Sleeping          |     1 |     1 ||     2
       Invisible         |       |     3 ||     3
Armor: Leather armour    |    56 |    47 ||   103
Dodge: Dodged            |   106 |   107 ||   213

Table legend: (Time is in decaauts)
 A = Elapsed time spent in this place.
 B = Non-inter-level travel time spent in this place.
 C = Inter-level travel time spent in this place.
 D = Time resting spent in this place.
 E = Time spent auto-exploring this place.
 F = Levels seen in this place.
 G = Mean time per level.
                   A        B        C        D        E       F      G
               +--------+--------+--------+--------+--------+-----+--------+
         Total |   3442 |   3375 |     67 |      0 |   2785 |   4 |  860.5 |
       Dungeon |   2566 |   2499 |     67 |      0 |   2092 |   3 |  855.3 |
         Sewer |    875 |    875 |      0 |      0 |    693 |   1 |  875.0 |
               +--------+--------+--------+--------+--------+-----+--------+

Top non-repeatable levels by time:
     D:2: 1592 daAuts
     D:1: 885 daAuts
   Sewer: 875 daAuts
     D:3: 88 daAuts
